 Dungeon Crawl Stone Soup version 0.20.1-1-g8b1a95d (webtiles) character file.

68 Mitsuki the Shield-Bearer (level 4, -4/40 HPs)
             Began as a Minotaur Fighter on Oct 15, 2017.
             Slain by Crazy Yiuf
             ... wielding a +2 quarterstaff of chaos
              (6 damage)
             ... on level 2 of the Dungeon.
             The game lasted 00:02:52 (1442 turns).

Mitsuki the Shield-Bearer (Minotaur Fighter)        Turns: 1442, Time: 00:02:52

Health: -4/40      AC:  8    Str: 21    XL:     4   Next: 1%
Magic:  3/3        EV:  7    Int:  5    God:
Gold:   67         SH:  9    Dex: 10    Spells: 3/3 levels left

rFire    . . .     SeeInvis .   a - +0 long sword
rCold    . . .     Gourm    .   c - +0 shield
rNeg     . . .     Faith    .   b - +0 scale mail
rPois    .         Spirit   .   (helmet restricted)
rElec    .         Reflect  .   (no cloak)
rCorr    .         Harm     .   (no gloves)
MR       .....                  g - +0 pair of boots
Stlth    ..........             (no amulet)
Regen    0.2/turn               (no ring)
MPRegen  0.1/turn               (no ring)

@: lethally poisoned (-4 -> -11), drained
A: retaliatory headbutt, horns 2
a: no special abilities


You were on level 2 of the Dungeon.
You were not hungry.

You visited 1 branch of the dungeon, and saw 2 of its levels.

You collected 67 gold pieces.

Inventory:

Hand Weapons
 a - a +0 long sword (weapon)
Armour
 b - a +0 scale mail (worn)
 c - a +0 shield (worn)
 g - a +0 pair of boots (worn)
Magical Staves
 q - an uncursed staff of poison {unknown}
Wands
 t - a wand of random effects (40/48)
Scrolls
 e - 3 scrolls of random uselessness {unknown}
 k - 2 scrolls of teleportation {unknown}
 m - a scroll of recharging {unknown}
 o - a scroll of amnesia {unknown}
 p - a scroll of remove curse {unknown}
Potions
 d - a potion of might
 h - 2 potions of brilliance {unknown}
 l - a potion of agility
 n - a potion of lignification {unknown}
 r - a potion of magic {unknown}
 s - a potion of heal wounds {unknown}
Comestibles
 f - 3 bread rations
 i - 2 chunks of flesh
 j - a royal jelly


   Skills:
 + Level 4.2(3.9) Fighting
 + Level 3.1(2.8) Long Blades
 + Level 4.3(4.0) Armour
 + Level 4.4(4.1) Shields


You had 3 spell levels left.
You didn't know any spells.

Dungeon Overview and Level Annotations

Branches:
Dungeon (2/15)

Altars:

Annotations:
D:2 Crazy Yiuf


Innate Abilities, Weirdness & Mutations

You reflexively headbutt those who attack you in melee.
You have a pair of horns on your head.


Message History

Crazy Yiuf hits you with a quarterstaff of chaos.
* * * LOW HITPOINT WARNING * * *
You are poisoned.
You take 3 damage, and have 11/40 hp.
You closely miss Crazy Yiuf.
Crazy Yiuf is lightly wounded.
* * * LOW HITPOINT WARNING * * *
You feel sick.
Crazy Yiuf says, "Hah!"
Crazy Yiuf hits you with a quarterstaff of chaos.
* * * LOW HITPOINT WARNING * * *
Crazy Yiuf freezes you.
* * * LOW HITPOINT WARNING * * *
You take 8 damage, and have 3/40 hp.
You hit Crazy Yiuf.
Crazy Yiuf is moderately wounded.
* * * LOW HITPOINT WARNING * * *
You feel sick.
Crazy Yiuf hits you with a quarterstaff of chaos.
You die...

##......##.# #.#..#
#.........
#.##....#.# ######
#.####.###
##.##....#.#
#......# #
.........'.# #####
###..###.# #
##.##....### #)..#
#....# #.# #
#.......>.# #...#
###.## #.# #
..........# ... #.#
##.### ..........#
#g# #.# #....#
.........)# ♣@♣♣
###.# #..#.#
..........## ♣♣.♣
#.#.# #..#.#
#..........# ♣.♣♣
#.#.# #.(#.)
##########.# ♣♣.♣
#...###..#.) #.#
♣♣.♣♣ ##....#..##.
#.# ♣♣...♣
#..#.#..##. #.#
♣....♣ #.>#.#####.
#.# ##..## ####.# #.
##########.####....#
#.# #.


You could see Crazy Yiuf.

Vanquished Creatures
  Robin (D:2)
  A leopard gecko (D:2)
  A ball python (D:2)
  4 giant cockroaches (D:1)
  3 hobgoblins
  8 jackals
  7 bats
  5 frilled lizards
  14 goblins
  4 kobolds (D:1)
  3 rats
51 creatures vanquished.

Notes
Turn   | Place    | Note
-------+----------+-------------------------------------------
     0 | D:1      | Mitsuki the Minotaur Fighter began the quest for the Orb.
     0 | D:1      | Reached XP level 1. HP: 19/19 MP: 0/0
   134 | D:1      | Reached XP level 2. HP: 27/27 MP: 1/1
   491 | D:1      | Reached XP level 3. HP: 32/33 MP: 2/2
   824 | D:2      | Found a runed door.
  1054 | D:2      | Noticed Robin
  1070 | D:2      | Killed Robin
  1286 | D:2      | Reached XP level 4. HP: 38/40 MP: 3/3
  1430 | D:2      | Noticed Crazy Yiuf
  1442 | D:2      | HP: 2/40 [poisoned by Crazy Yiuf]
  1442 | D:2      | Slain by Crazy Yiuf

Skill      XL: |  1  2  3 |
---------------+----------+-----
Shields        | 4 |  4.4
Armour         | 4 |  4.3
Fighting       | 4 |  4.2
Long Blades    | 3 |  3.1

Action                   |  1- 3 |  4- 6 || total
-------------------------+-------+-------++-------
Melee: Long sword        |   128 |     9 ||   137
       Headbutt          |     8 |       ||     8
  Eat: Chunk             |     1 |     1 ||     2
Armor: Scale mail        |    71 |     3 ||    74
Dodge: Dodged            |    49 |       ||    49
Block: Shield            |    77 |     1 ||    78
       Rpst.: Long sword |    15 |       ||    15
